 Dungeon Crawl Stone Soup version 0.31-a0-977-gc230f8ef24 (webtiles) character file.

Game seed: 15314370254258241666

70 skwerlee the Shooter (level 4, -2/25 HPs)
             Began as a Kobold Hexslinger on Oct 30, 2023.
             Killed from afar by Natasha (4 damage)
             ... with a magic dart
             ... on level 2 of the Dungeon.
             The game lasted 00:02:22 (1260 turns).

skwerlee the Shooter (Kobold Hexslinger)            Turns: 1260, Time: 00:02:22

Health: -2/25      AC:  2    Str:  5    XL:     4   Next: 44%
Magic:  5/5        EV: 15    Int: 14    God:
Gold:   38         SH:  0    Dex: 19    Spells: 5/5 levels left

rFire   . . .        a - +1 sling
rCold   . . .        (no shield)
rNeg    . . .        c - +0 robe
rPois   .            (no helmet)
rElec   .            (no cloak)
rCorr   .            (no gloves)
SInv    .            (no boots)
Will    .....        (no amulet)
Stlth   +++          (no ring)
HPRegen 0.24/turn    (no ring)
MPRegen 0.09/turn

%: no passive effects
@: no status effects
A: small, no large weapons, nightstalker 3
a: no special abilities


You were on level 2 of the Dungeon.
You visited 1 branch of the dungeon, and saw 2 of its levels.

You collected 38 gold pieces.

Inventory:

Hand Weapons
 a - a +1 sling (weapon)
Armour
 c - a +0 robe (worn)
Jewellery
 e - a +4 ring of protection
 i - a ring of ice
 j - a ring of ice
Scrolls
 b - a scroll of poison
 d - 5 scrolls of identify {unknown}
 g - a scroll of acquirement {unknown}
 k - a scroll of immolation {unknown}
Potions
 f - a potion of heal wounds {unknown}
 h - a potion of ambrosia {unknown}


   Skills:
 + Level 1.6 Fighting
 + Level 4.4 Ranged Weapons
 + Level 3.0 Dodging
 + Level 0.6 Stealth
 + Level 1.1 Spellcasting
 + Level 3.5 Hexes
 + Level 1.0 Fire Magic


You had 5 spell levels left.
You didn't know any spells.
Your spell library contained the following spells:

 Spells                   Type           Power      Damage    Failure   Level
 Jinxbite                 Hex            20%        N/A       9%          2
 Sigil of Binding         Hex            10%        N/A       19%         3
 Sting                    Tmut/Pois      0%         1d3       26%         1
 Inner Flame              Hex/Fire       7%         N/A       30%         3
 Poisonous Vapours        Pois/Air       0%         N/A       36%         2
 Cause Fear               Hex            5%         N/A       52%         4
 Dimensional Bullseye     Hex/Tloc       2%         N/A       77%         4
 Olgreb's Toxic Radiance  Pois           0%         N/A       95%         4


Dungeon Overview and Level Annotations

Branches:
Dungeon (2/15)

Altars:

Annotations:
D:2 Natasha


Innate Abilities, Weirdness & Mutations

You are small and have problems with some larger weapons.
You are completely attuned to the shadows.


Message History

The gnoll shouts!
The gnoll is heavily wounded.
The gnoll shouts!
You hear an angry hiss.
You hear a shout!
A gnoll comes into view. It is wielding a +0 spear.
Natasha mumbles some strange words.
The gnoll shouts!
The gnoll attacks as it pursues you! The gnoll barely misses you.
Fire: a) +1 sling
Press: ? - help, Q - select action Shift-Dir - straight line, f/p - gnoll
Aim: a gnoll, wielding a +0 whip (heavily wounded, 65% to hit)
You shoot a sling bullet. The sling bullet hits the gnoll.
The gnoll is severely wounded.
You hear a shout!
A gnoll comes into view. It is wielding a +0 halberd.
The gnoll misses you. The gnoll attacks as it pursues you!
The gnoll hits you from afar with a +0 halberd.
You shoot a sling bullet.
The sling bullet completely misses the gnoll.
The gnoll hits you from afar with a +0 halberd!
You see here a quokka corpse.
You shoot a sling bullet.
The sling bullet barely misses the gnoll.
The sling bullet hits Natasha!
Natasha is heavily wounded.
The gnoll misses you. The gnoll closely misses you.
Natasha mumbles some strange words.
Natasha glows brightly for a moment.
The gnoll attacks as it pursues you! The gnoll hits you with a +0 whip.
The cerulean imp hits you from afar with a +0 spear.
Natasha attacks as she pursues you! Natasha claws you!
* * * LOW HITPOINT WARNING * * *
The gnoll attacks as it pursues you! The gnoll hits you with a +0 whip.
* * * LOW HITPOINT WARNING * * *
The cerulean imp attacks as it pursues you!
The cerulean imp barely misses you. Natasha casts a spell at you.
The magic dart hits you.
You die...
Natasha begins licking her fur clean.

.####### #.# ## .###### #.#
.##...# #.# .##..>#
#.##########.... .##...#
#..........#.... .
.##...######.......##.#.... ..
.#................g...#..###.g.
.#....######......g..#...#g5.#
.#.#............@h5...†...[#..h
.#.#.##########.#........### #.
.#.#.###.# #...)†#...... ##
.#.#.....# #...#........# #.
.#.####### #...#.#.....## #.
.#....... ###.#.#.#+ #.
.###..... ..#.# . ######.
.###..... #.#######....#.
......... #..............


You could see Natasha, 2 gnolls and a cerulean imp (summoned).

Vanquished Creatures
  Natasha (D:2)
  A worm (D:2)
  A dart slug (D:2)
  6 ball pythons
  4 bats
  An endoplasm (D:1)
  A giant cockroach (D:1)
  5 hobgoblins
  7 jackals (D:1)
  2 kobolds
  3 quokkas
  2 goblins
  A rat (D:1)
35 creatures vanquished.

Notes
Turn   | Place    | Note
-------+----------+-------------------------------------------
     0 | D:1      | skwerlee the Kobold Hexslinger began the quest for the Orb.
     0 | D:1      | Reached XP level 1. HP: 12/12 MP: 2/2
    83 | D:1      | Reached skill level 3 in Ranged Weapons
    96 | D:1      | Reached XP level 2. HP: 16/16 MP: 3/3
   218 | D:1      | Reached XP level 3. HP: 20/20 MP: 4/4
   955 | D:2      | Noticed Natasha
   960 | D:2      | HP: 1/20 [Natasha (6)]
   962 | D:2      | Killed Natasha
   963 | D:2      | Reached skill level 4 in Ranged Weapons
   963 | D:2      | Reached XP level 4. HP: 2/25 MP: 5/5
  1246 | D:2      | Noticed Natasha
  1259 | D:2      | HP: 1/25 [gnoll/+0 whip (4)]
  1260 | D:2      | Killed from afar by Natasha

Illustrated notes

Levels and vault maps discovered:
D:1:      dpeg_arrival_pits, layout_basic
D:2:      layout_basic, minmay_tetromino_l2, uniq_natasha

Skill      XL: |  1  2  3 |
---------------+----------+-----
Ranged Weapons | 3 4 |  4.4
Dodging        | 3 |  3.0
Fighting       | |  1.6
Stealth        | |  0.6
Spellcasting   | |  1.1
Hexes          | |  3.5
Fire Magic     | |  1.0

Action                     |  1- 3 |  4- 6 || total
---------------------------+-------+-------++-------
   Fire: Sling             |    85 |    21 ||   106
 Armour: Robe              |    34 |    10 ||    44
  Dodge: Dodged            |    65 |    11 ||    76

Table legend: (Time is in decaauts)
 A = Elapsed time spent in this place.
 B = Non-inter-level travel time spent in this place.
 C = Inter-level travel time spent in this place.
 D = Time resting spent in this place.
 E = Time spent auto-exploring this place.
 F = Levels seen in this place.
 G = Mean time per level.
                   A        B        C        D        E       F      G
               +--------+--------+--------+--------+--------+-----+--------+
         Total |   1284 |   1271 |     13 |    132 |    944 |   2 |  642.0 |
       Dungeon |   1284 |   1271 |     13 |    132 |    944 |   2 |  642.0 |
               +--------+--------+--------+--------+--------+-----+--------+

Top non-repeatable levels by time:
     D:1: 675 daAuts
     D:2: 608 daAuts
